 Dungeon Crawl Stone Soup version 0.26.0-16-gc1dbca0489 (webtiles) character file.

Game seed: 7985163787459479915

40 Kejsarherre the Skirmisher (level 3, 0/29 HPs)
             Began as a Demonspawn Artificer on Jan 20, 2021.
             Slain by Sigmund
             ... wielding a +0 scythe
              (2 damage)
             ... on level 2 of the Dungeon.
             The game lasted 00:02:44 (1937 turns).

Kejsarherre the Skirmisher (Demonspawn Artificer)   Turns: 1937, Time: 00:02:44

Health: 0/29       AC:  3    Str: 12    XL:     3   Next: 30%
Magic:  3/3        EV: 11    Int: 13    God:
Gold:   50         SH:  0    Dex: 13    Spells: 2/2 levels left

rFire    . . .     SeeInvis .   h - +0 dagger (elec)
rCold    + . .     Faith    .   (no shield)
rNeg     . . .     Spirit   .   b - +0 leather armour
rPois    .         Reflect  .   (no helmet)
rElec    .         Harm     .   (no cloak)
rCorr    .         Rampage  .   (no gloves)
Will     .....                  (no boots)
Stlth    +.........             (no amulet)
HPRegen  0.09/turn              (no ring)
MPRegen  0.08/turn              (no ring)

@: brilliant
A: hooves 1, cold resistance 1
a: no special abilities


You were on level 2 of the Dungeon.
You visited 1 branch of the dungeon, and saw 2 of its levels.

You collected 50 gold pieces.

Inventory:

Hand Weapons
 h - a +0 dagger of electrocution (weapon)
Armour
 b - a +0 leather armour (worn)
Wands
 c - a wand of flame (8) (quivered)
 d - a wand of enslavement (15)
 e - a wand of random effects (13)
Scrolls
 f - 3 scrolls of random uselessness {unknown}
 i - a scroll of identify {unknown}
 k - 2 scrolls of teleportation {unknown}
Potions
 g - a potion of flight {unknown}
 j - a potion of might {unknown}


   Skills:
 + Level 3.3 Fighting
 - Level 1.7 Armour
 - Level 0.8 Dodging
 - Level 0.8 Stealth
 - Level 3.0 Evocations


You had 2 spell levels left.
You didn't know any spells.
Your spell library was empty.

Dungeon Overview and Level Annotations

Branches:
Dungeon (2/15)

Altars:

Annotations:
D:2 Sigmund


Innate Abilities, Weirdness & Mutations

You have large cloven feet.
Your flesh is cold resistant. (rC+)


Message History

You kill the leopard gecko!
The bat barely misses you.
Unknown command.
Evoke which item? (* to show all) (? for menu, Esc to quit)
Aiming: Random Effects
Press: ? - help, Shift-Dir - straight line, f/p - bat
Aim: a bat (heavily wounded)
The fireball explodes!
The fireball engulfs the bat!
You kill the bat!
The fireball engulfs Sigmund!
Sigmund is moderately wounded.
The fireball engulfs you!
Ouch! That really hurt!
* * * LOW HITPOINT WARNING * * *
Sigmund barely misses you.
Unknown command.
It was a potion of brilliance.
You feel clever all of a sudden.
Sigmund hits you from afar with a +0 scythe.
You die...

...8.8. ....8..
....... ###.......
#.......># ##..
#.##..?..# #... #@#
##### #..# #.# #..#
###@### #..#.
#.....# #####..#.
#.###.######........
#.# #.............##
#.###.######.##.....
#.....# #.#......
###.### #.#...###
#.....# #.#...#
#.###.########.#...#


You could see Sigmund.

Vanquished Creatures
  A worm (D:2)
  A dart slug (D:1)
  2 leopard geckos
  A giant cockroach (D:1)
  4 goblins (D:1)
  4 hobgoblins (D:1)
  A quokka (D:2)
  6 bats
  2 frilled lizards (D:1)
  4 kobolds (D:1)
  7 rats (D:1)
33 creatures vanquished.

Notes
Turn   | Place    | Note
-------+----------+-------------------------------------------
     0 | D:1      | Kejsarherre the Demonspawn Artificer began the quest for
                  | the Orb.
     0 | D:1      | Reached XP level 1. HP: 15/15 MP: 1/1
   195 | D:1      | Gained mutation: Your flesh is cold resistant. (rC+)
                  | [demonic ancestry]
   195 | D:1      | Reached XP level 2. HP: 7/22 MP: 2/2
  1321 | D:1      | Gained mutation: You have large cloven feet. [demonic
                  | ancestry]
  1321 | D:1      | Reached XP level 3. HP: 29/29 MP: 3/3
  1925 | D:2      | Found a faded altar of an unknown god.
  1926 | D:2      | Noticed Sigmund
  1937 | D:2      | Slain by Sigmund

Illustrated notes

Levels and vault maps discovered:
D:1:      dpeg_arrival_signposts, layout_loops_cross
D:2:      layout_loops_ring, elyvilon_altar_1,
          chequers_ecumenical_altar_simple_redux, uniq_sigmund

Skill      XL: |  1  2 |
---------------+-------+-----
Fighting       | 2 3 |  3.3
Armour         | |  1.7
Dodging        | |  0.8
Stealth        | |  0.8
Evocations     | |  3.0

Action                   || total
-------------------------++-------
Melee: Club              ||    69
       Dagger            ||    43
       Kick              ||     7
Evoke: Wand              ||     9
  Use: Potion            ||     1
 Stab: Sleeping          ||     3
Armor: Leather armour    ||    42
Dodge: Dodged            ||    79
